 Dungeon Crawl Stone Soup version 0.30.1 (webtiles) character file.

Game seed: 17709514733121279449

63 Graphine the Shield-Bearer (level 3, -1/33 HPs)
             Began as a Minotaur Fighter on July 7, 2023.
             Slain by a gnoll
             ... wielding a +0 halberd
              (9 damage)
             ... on level 2 of the Dungeon.
             The game lasted 00:02:36 (1830 turns).

Graphine the Shield-Bearer (Minotaur Fighter)       Turns: 1830, Time: 00:02:36

Health: -1/33      AC:  7    Str: 22    XL:     3   Next: 87%
Magic:  2/2        EV:  9    Int:  5    God:
Gold:   117        SH:  4    Dex:  9    Spells: 2/2 levels left

rFire   . . .        a - +0 flail
rCold   . . .        c - +0 buckler
rNeg    . . .        b - +0 scale mail
rPois   +            (helmet restricted)
rElec   .            (no cloak)
rCorr   .            (no gloves)
SInv    .            (no boots)
Will    .....        (no amulet) Stlth
                     i - ring of poison resistance
HPRegen 0.25/turn    (no ring)
MPRegen 0.08/turn

%: no passive effects
@: mighty
A: horns 2, retaliatory headbutt
a: no special abilities


You were on level 2 of the Dungeon.
You visited 1 branch of the dungeon, and saw 2 of its levels.

You collected 117 gold pieces.

Inventory:

Hand Weapons
 a - a +0 flail (weapon)
Armour
 b - a +0 scale mail (worn)
 c - a +0 buckler (worn)
Jewellery
 i - a ring of poison resistance (left hand)
Scrolls
 g - a scroll of teleportation {unknown}
Potions
 e - a potion of brilliance
 f - a potion of curing {unknown}
 h - a potion of heal wounds {unknown}
 l - 2 potions of cancellation {unknown}


   Skills:
 + Level 4.0 Fighting
 * Level 3.4 Maces & Flails
 + Level 0.6 Ranged Weapons
 + Level 3.9 Armour
 + Level 1.1 Dodging
 + Level 4.0 Shields
 + Level 1.0 Unarmed Combat


You had 2 spell levels left.
You didn't know any spells.
Your spell library contained the following spells:

 Spells                   Type           Power      Damage    Failure   Level
 Apportation              Tloc           0%         N/A       86%         1
 Necrotise                Necr           0%         1d4       86%         1
 Summon Small Mammal      Summ           0%         N/A       86%         1
 Poisonous Vapours        Pois/Air       0%         N/A       94%         2
 Mephitic Cloud           Conj/Pois/Air  0%         N/A       99%         3
 Freezing Cloud           Conj/Ice/Air   0%         6-21      100%        5
 Iskenderun's Battlesphe  Conj           0%         2d6       100%        5
 Iron Shot                Conj/Erth      0%         9d1       100%        6
 Spellforged Servitor     Conj/Summ      0%         N/A       100%        7


Dungeon Overview and Level Annotations

Branches:
Dungeon (2/15)

Altars:


Innate Abilities, Weirdness & Mutations

You have a pair of horns on your head.
You reflexively headbutt those who attack you in melee.


Message History

No target in view!
No target in view!
There is a stone staircase leading up here.
An adder comes into view.
The adder hisses angrily.
You miss the adder. Your headbutt misses the adder.
The adder barely misses you. The adder bites you but does no damage.
You miss the adder. The adder barely misses you. x2
You hit the adder. You headbutt the adder.
You kill the adder!
Your Fighting skill increases to level 4!
No target in view!
You now have 90 gold pieces (gained 10).
You now have 102 gold pieces (gained 12).
You now have 117 gold pieces (gained 15).
A gnoll comes into view. It is wielding a +0 halberd.
The gnoll shouts!
You hear a shout!
A gnoll comes into view. It is wielding a +0 halberd.
You hear a shout!
There are monsters nearby!
A gnoll comes into view. It is wielding a +0 flail.
Found a coppery potion.
The gnoll shouts!
A gnoll comes into view. It is wielding a +0 flail.
The gnoll barely misses you. You block the gnoll's attack.
You sock the gnoll!
The gnoll is severely wounded.
The gnoll hits you with a +0 halberd.
The gnoll hits you from afar with a +0 halberd.
The gnoll hits you with a +0 halberd! The gnoll completely misses you.
You are too injured to fight recklessly!
You are too injured to fight recklessly!
You are too injured to fight recklessly!
You aren't carrying any items that you can evoke.
Unknown command.
You feel very mighty all of a sudden. The gnoll hits you with a +0 halberd.
* * * LOW HITPOINT WARNING * * *
The gnoll hits you from afar with a +0 halberd!
You die...

### #.# ... #g. #g# #g# #g#
#.# #@# # ####.#
###.##.########.##.#
#####...............##.#
#...#.#.##!#........##.#
####...#.#.# #.[......##.#
#......#.#.## ........##.#
#......+....# ........##'#
##.##...#.####.#............
#..............########.....


You could see 4 gnolls.

Vanquished Creatures
  An adder (D:2)
  A worm (D:2)
  A dart slug (D:2)
  6 ball pythons (D:1)
  3 endoplasms
  3 giant cockroaches (D:1)
  4 goblins
  2 hobgoblins (D:2)
  7 jackals (D:1)
  3 quokkas
  5 bats (D:1)
  A frilled lizard (D:1)
  A kobold (D:1)
  7 rats
45 creatures vanquished.

Notes
Turn   | Place    | Note
-------+----------+-------------------------------------------
     0 | D:1      | Graphine the Minotaur Fighter began the quest for the Orb.
     0 | D:1      | Reached XP level 1. HP: 19/19 MP: 0/0
   178 | D:1      | Reached XP level 2. HP: 27/27 MP: 1/1
   507 | D:1      | Found a faded altar of an unknown god.
   519 | D:1      | Reached XP level 3. HP: 28/33 MP: 2/2
  1527 | D:2      | Reached skill level 1 in Dodging
  1533 | D:2      | Reached skill level 1 in Unarmed Combat
  1830 | D:2      | Slain by a gnoll

Illustrated notes

Levels and vault maps discovered:
D:1:      roderic_crop_circles_arrival_small, layout_loops_ring,
          nicolae_ecumenical_snake_handling, minmay_misc_feat_nine_boxes,
          minmay_worlds_worst_comb
D:2:      layout_basic, minmay_pentomino_s4

Skill      XL: |  1  2  3 |
---------------+----------+-----
Maces & Flails | 3 |  3.4
Shields        | 4 |  4.0
Dodging        | 1 |  1.1
Unarmed Combat | 1 |  1.0
Fighting       | 4 |  4.0
Ranged Weapons | |  0.6
Armour         | |  3.9

Action                     || total
---------------------------++-------
  Melee: Flail             ||    92
         Headbutt          ||     7
    Use: Scroll            ||     5
         Potion            ||     1
 Armour: Scale mail        ||    60
  Dodge: Dodged            ||    51
  Block: Buckler           ||    26
